 Dungeon Crawl Stone Soup version 0.18-a0-79-gb542d04 (webtiles) character file.

6062 Duffy the Nimble (level 10, 55/65 HPs)
             Began as a Deep Elf Fire Elementalist on Nov 12, 2015.
             Was a Priest of Vehumet.
             Quit the game on level 9 of the Dungeon.
             The game lasted 00:19:50 (13594 turns).

Duffy the Nimble (Deep Elf Fire Elementalist)      Turns: 13594, Time: 00:19:50

Health: 55/65      AC:  8    Str:  5    XL:     10   Next: 57%
Magic:  4/20       EV: 18    Int: 27    God:    Vehumet [***...]
Gold:   376        SH:  0    Dex: 15    Spells: 4 memorised, 7 levels left

rFire  . . .     SeeInvis +     i - +0 dagger (venom)
rCold  . . .     Clarity  .     R - +1 robe {rN+}
rNeg   + . .     SustAt   .     (no shield)
rPois  .         Gourm    .     (no helmet)
rElec  .         Spirit   .     A - +2 cloak
rCorr  .         Warding  .     (no gloves)
rMut   +         Stasis   .     q - +1 pair of boots
MR     +....                    S - amulet of resist mutation
Stlth  ++........               J - ring of see invisible
                                I - +3 ring of intelligence

@: somewhat resistant to hostile enchantments, unstealthy
A: no striking features
a: Renounce Religion


You were on level 9 of the Dungeon.
You worshipped Vehumet.
Vehumet was most pleased with you.
You were not hungry.

You visited 2 branches of the dungeon, and saw 10 of its levels.

You collected 376 gold pieces.


   Skills:
 + Level 8.4 Fighting
 - Level 10.0 Dodging
 - Level 2.4 Stealth
 - Level 5.8 Spellcasting
 - Level 7.1 Conjurations
 - Level 7.0 Fire Magic


You had 7 spell levels left.
You knew the following spells:

 Your Spells              Type           Power        Failure   Level  Hunger
a - Flame Tongue          Conj/Fire      #####        1%          1    None
c - Conjure Flame         Conj/Fire      #####...     1%          3    None
f - Fireball              Conj/Fire      #####.....   3%          5    #####..
s - Sticky Flame          Conj/Fire      #####...     1%          4    ###....

Inventory:

Hand Weapons
 i - a +0 dagger of venom (weapon)
Missiles
 g - 52 poisoned needles
 k - a throwing net
 l - 195 stones
 p - 8 javelins (quivered)
 G - 3 tomahawks
Armour
 a - a +0 robe
 q - a +1 pair of boots (worn)
 A - a +2 cloak (worn)
 R - a +1 robe of positive energy (worn)
Jewellery
 I - a +3 ring of intelligence (left hand)
 J - a ring of see invisible (right hand)
 S - an amulet of resist mutation (around neck)
Wands
 m - a wand of teleportation (5)
 x - a wand of fireball (4)
 y - a wand of disintegration (14)
 B - a wand of fireball (8)
 O - a wand of fire (7)
 Q - a wand of magic darts (29)
Scrolls
 d - 6 scrolls of teleportation
 e - 5 scrolls of remove curse
 f - 2 scrolls of blinking {unknown}
 h - 4 scrolls of magic mapping
 r - a scroll of torment {unknown}
 s - 2 scrolls of fear
 z - 2 scrolls of enchant armour
 C - a scroll of immolation {unknown}
 M - a scroll of random uselessness {unknown}
 N - a scroll of fog {unknown}
Potions
 j - 2 potions of magic
 n - a potion of lignification {unknown}
 o - 2 potions of heal wounds
 t - 3 potions of berserk rage
 u - a potion of mutation {unknown}
 v - 3 potions of brilliance
 w - 2 potions of invisibility
 D - a potion of haste {unknown}
 F - 3 potions of curing
 H - 2 potions of flight
 K - 2 potions of agility
 L - a potion of cancellation {unknown}
 P - 2 potions of resistance {unknown}
Books
 b - a book of Flames
Comestibles
 c - 2 bread rations
 E - 4 meat rations

Dungeon Overview and Level Annotations

Branches:
Dungeon (9/15)             Temple (1/1) D:5
   Lair: D:8-11         Orc: D:9-12

Altars:
Ashenzari
Cheibriados
Dithmenos
Elyvilon
Fedhas
Gozag
Kikubaaqudgha
Makhleb
Nemelex Xobeh
Okawaru
Qazlal
Ru
Sif Muna
Trog
Vehumet
Xom
Yredelemnul
Zin
The Shining One
Lugonu

Shops:
D:8 (


Message History

Aiming: Flame Tongue
Press: ? - help, Shift-Dir - straight line, f/p - orc
Aim: an orc, wearing a ring mail (severely wounded)
The flame tongue hits the orc.
You kill the orc!
Vehumet accepts your kill.
You feel your power returning.
A wight comes into view. It is wielding a battleaxe of freezing.
Cast which spell? (? or * to list)
Aiming: Flame Tongue
Press: ? - help, Shift-Dir - straight line, f - orc priest
Aim: an orc priest, wielding a hand axe (almost dead)
The flame tongue hits the orc priest.
You kill the orc priest!
Vehumet accepts your kill.
Cast which spell? (? or * to list)
You can't see any susceptible monsters within range! (Use Z to cast anyway.) Cast which spell? (? or * to list)
You can't see any susceptible monsters within range! (Use Z to cast anyway.) Cast which spell? (? or * to list)
You can't see any susceptible monsters within range! (Use Z to cast anyway.)
Things that are here:
an enchanted morningstar; 14 stones; a robe A wight comes into view.
It is wielding a great sword.
A wight comes into view. It is wielding a hand axe.
Things that are here:
a ring mail; an orc corpse
Things that are here:
an enchanted morningstar; 14 stones; a robe You see here a giant frog corpse.
Things that are here:
a robe; a morningstar Your magical contamination has completely faded away.
There is a stone staircase leading up, spattered with blood here.
Are you sure you want to abandon this character and quit the game? (Confirm with "yes".)

..# #..........z.#####...# ..#
#[.........z.........##
..######........................
.........z########.............#
.........l# #...........###
..######.)# #z.........## ..#
#[[########†.........# ..#
#........[[............
..######>......[@.............
..........####..#####.........
..........# #..# #........
..######..# #..# #........ ..#
#..# #..# #........
..######..####..#####........
.............................
.............................
#############################


You could see a wight.

Action                   |  1- 3 |  4- 6 |  7- 9 | 10-12 || total
-------------------------+-------+-------+-------+-------++-------
Melee: Dagger            |     6 |    54 |   109 |     9 ||   178
Throw: Stone             |     2 |       |       |       ||     2
 Cast: Flame Tongue      |    51 |    93 |   243 |   163 ||   550
       Conjure Flame     |     2 |     4 |    16 |     4 ||    26
       Sticky Flame      |       |     5 |    21 |     4 ||    30
       Fireball          |       |       |     3 |     8 ||    11
  Use: Scroll            |       |       |    10 |     5 ||    15
 Stab: Sleeping          |     1 |     3 |       |       ||     4
  Eat: Chunk             |     1 |    10 |    23 |     5 ||    39
       Pizza             |       |       |     1 |       ||     1
       Bread ration      |       |       |       |     2 ||     2

Notes
Turn   | Place    | Note
--------------------------------------------------------------
     0 | D:1      | Duffy the Deep Elf Fire Elementalist began the quest for the Orb.
     0 | D:1      | Reached XP level 1. HP: 10/10 MP: 6/6
   229 | D:1      | Reached skill level 2 in Conjurations
   318 | D:1      | Reached XP level 2. HP: 6/15 MP: 0/8
   684 | D:1      | Reached skill level 3 in Conjurations
   844 | D:1      | Reached XP level 3. HP: 19/19 MP: 3/9
   905 | D:1      | Learned a level 3 spell: Conjure Flame
  1036 | D:2      | Found a basalt altar of Yredelemnul.
  1286 | D:2      | Reached XP level 4. HP: 24/24 MP: 1/11
  1313 | D:2      | Learned a level 4 spell: Sticky Flame
  1457 | D:2      | Reached skill level 4 in Conjurations
  1916 | D:2      | Noticed Ijyb
  1924 | D:2      | Killed Ijyb
  1924 | D:2      | Reached skill level 4 in Fire Magic
  2335 | D:2      | Reached XP level 5. HP: 22/28 MP: 12/12
  3351 | D:3      | Found an iron altar of Okawaru.
  3674 | D:3      | Reached skill level 4 in Spellcasting
  3767 | D:3      | Reached skill level 5 in Conjurations
  3767 | D:3      | Reached XP level 6. HP: 32/32 MP: 7/14
  3974 | D:4      | Learned a level 5 spell: Fireball
  4018 | D:4      | Found a shadowy altar of Dithmenos.
  4037 | D:4      | Reached skill level 5 in Fire Magic
  4770 | D:4      | Reached XP level 7. HP: 12/36 MP: 10/16
  5465 | D:4      | Reached skill level 6 in Conjurations
  5465 | D:4      | Reached skill level 6 in Fire Magic
  5618 | D:4      | Reached skill level 5 in Spellcasting
  6189 | D:5      | Entered Level 5 of the Dungeon
  6441 | D:5      | Found a blossoming altar of Fedhas.
  6442 | D:5      | Found a snail-covered altar of Cheibriados.
  6443 | D:5      | Found a shimmering altar of Xom.
  6503 | D:5      | Found a staircase to the Ecumenical Temple.
  6521 | Temple   | Entered the Ecumenical Temple
  6605 | Temple   | Became a worshipper of Vehumet
  6895 | D:5      | Reached skill level 7 in Conjurations
  6895 | D:5      | Reached skill level 7 in Fire Magic
  6895 | D:5      | Reached XP level 8. HP: 23/41 MP: 7/18
  7322 | D:6      | Reached skill level 1 in Fighting
  7322 | D:6      | Reached skill level 3 in Dodging
  7641 | D:6      | Reached skill level 2 in Fighting
  7641 | D:6      | Reached skill level 4 in Dodging
  7647 | D:6      | Reached * piety under Vehumet
  7647 | D:6      | Offered knowledge of Sting by Vehumet.
  7746 | D:6      | Found a glowing golden altar of the Shining One.
  7794 | D:6      | Noticed Edmund
  7811 | D:6      | Killed Edmund
  7811 | D:6      | Reached skill level 5 in Dodging
  8261 | D:6      | Reached skill level 3 in Fighting
  8473 | D:6      | Found an opulent altar of Gozag.
  8619 | D:6      | Found a burning altar of Makhleb.
  8624 | D:6      | Reached skill level 6 in Dodging
  8863 | D:6      | Reached XP level 9. HP: 23/52 MP: 13/19
  9069 | D:7      | Reached skill level 4 in Fighting
  9213 | D:6      | Reached skill level 7 in Dodging
 10067 | D:7      | Offered knowledge of Freeze by Vehumet.
 10080 | D:7      | Reached ** piety under Vehumet
 10086 | D:7      | Reached skill level 5 in Fighting
 10136 | D:7      | Reached skill level 8 in Dodging
 10325 | D:7      | Found a sparkling altar of Nemelex Xobeh.
 10696 | D:8      | Noticed Prince Ribbit
 10708 | D:8      | Killed Prince Ribbit
 10708 | D:8      | Reached skill level 9 in Dodging
 10925 | D:8      | Reached skill level 6 in Fighting
 10994 | D:8      | Found Requang's Antique Weapon Emporium.
 11138 | D:8      | Reached XP level 10. HP: 60/60 MP: 15/20
 11380 | D:8      | Found a deep blue altar of Sif Muna.
 11866 | D:8      | Reached skill level 10 in Dodging
 12013 | D:8      | Offered knowledge of Throw Frost by Vehumet.
 12586 | D:8      | Reached skill level 7 in Fighting
 12728 | D:9      | Reached *** piety under Vehumet
 13239 | D:9      | Offered knowledge of Force Lance by Vehumet.
 13243 | D:9      | Reached skill level 8 in Fighting
 13529 | D:9      | Found a white marble altar of Elyvilon.
 13594 | D:9      | Quit the game

Vault maps used:
D:1:      dpeg_arrival_oval
D:2:      marbit_many_paths, uniq_iyjb
D:3:      okawaru_altar_gauntlet_db
D:4:      nicolae_dithmenos_shadow_blocks, first_bread
D:5:      gammafunk_temple_overflow_forgotten, minmay_temple_entry_mist,
          eino_tiny_chamber
D:6:      lightli_temple_of_fire, lemuel_coloured_pillars_altar, basic_altar,
          kennysheep_generic_room_12, uniq_edmund
D:7:      nemelex_diamond_rough_becter
D:8:      kennysheep_mini_moat, serial_shops, shop_fountains,
          uniq_prince_ribbit1
D:9:      lemuel_doored_altar
Temple:   corrupted_temple

Vanquished Creatures
  Prince Ribbit
  4 hippogriffs
  A water moccasin Edmund
  2 hungry ghosts
  3 sky beasts
  A black bear
  3 orc warriors
  3 ogres
  A phantom
  2 ice beasts
  4 centaurs
  3 big kobolds
  A wyvern zombie
  6 giant frogs
  A scorpion
  9 killer bees
  17 wights
  5 crimson imps
  7 orc priests
  A giant frog zombie
  A giant frog skeleton Ijyb
  5 hounds
  A jelly
  A centaur skeleton
  7 orc wizards
  5 iguanas
  7 worker ants
  2 hound skeletons
  9 gnolls
  3 shadow imps
  14 adders
  An adder skeleton
  2 adder zombies
  4 worms
  33 orcs
  12 bats
  4 giant cockroaches
  8 goblins
  12 hobgoblins
  8 jackals
  6 quokkas
  4 ball pythons
  6 giant geckos
  A giant gecko zombie
  6 giant newts
  24 kobolds
  A quokka skeleton
  A quokka zombie
  3 rats
268 creatures vanquished.
